AoeStats
← nachvil

African Clearing

504910333Analyzed
2v2 RM · 27d ago on Sep 7, 2026· 38m 1s· 4 players
Game mode
Random Map
Map size
Medium (4 player)
Population
200
Speed
Normal
Resources
Standard
Victory
Conquest
Starting age
Dark Age
Ending age
Imperial Age
RankedLock teamsTeams togetherTeam positionsShared explorationLock speedFull tech treeHidden civsTurbo modeCheats
Victory
Defeat
🇦🇷 Burgundians · Argentina
810
+16
🇦🇷 Mongols · Argentina
771
+18
🇨🇱 Chinese · Chile
818
-44
🇨🇱 Teutons · Chile
818
-44
ConcaveKnot1639
9:11 Loom
16:54 Feudal Age
19:45 Horse Collar
24:19 Castle Age
29:09 Husbandry
36:04 Bloodlines
Batistuta2014
7:19 Loom
9:43 Double-Bit Axe
15:05 Feudal Age
21:18 Wheelbarrow
21:26 Bow Saw
24:47 Castle Age
27:39 Town Watch
28:14 Hand Cart
28:34 Fletching
30:54 Bodkin Arrow
31:25 Horse Collar
35:05 Fervor
36:16 Scale Barding Armor
Toxiquin
3:39 Loom
15:04 Feudal Age
21:19 Double-Bit Axe
22:45 Horse Collar
25:13 Wheelbarrow
33:35 Castle Age
33:53 Stone Mining
34:15 Town Watch
35:22 Bow Saw
35:13 Heavy Plow
35:44 Town Patrol
nachvil
13:16 Feudal Age
20:16 Castle Age
23:25 Forging
25:11 Wheelbarrow
Connection lost

Rejoining the realm…

Still unreachable

The connection could not be restored.

Session expired

The server has moved on; the page needs a fresh start.